 Dungeon Crawl Stone Soup version 0.31-a0-662-g684573625c (webtiles) character file.

Game seed: 9330086605429210389

432 Revguard the Sneak (level 6, -2/47 HPs)
             Began as a Demonspawn Brigand on Sept 1, 2023.
             Shot with an arrow by a centaur (3 damage)
             ... on level 5 of the Dungeon.
             The game lasted 00:10:00 (4029 turns).

Revguard the Sneak (Demonspawn Brigand)             Turns: 4029, Time: 00:10:00

Health: -2/47      AC:  3    Str: 11    XL:     6   Next: 67%
Magic:  8/8        EV: 12    Int: 12    God:
Gold:   237        SH:  0    Dex: 23    Spells: 5/5 levels left

rFire   . . .        o - +0 rapier
rCold   . . .        (no shield)
rNeg    . . .        n - +0 leather armour
rPois   .            (no helmet)
rElec   .            (cloak unavailable)
rCorr   .            (no gloves)
SInv    .            (no boots)
Will    .....        (no amulet)
Stlth   +++          l - +6 ring of dexterity
HPRegen 0.27/turn    (no ring)
MPRegen 0.11/turn

%: no passive effects
@: no status effects
A: weakness stinger 3
a: no special abilities


You were on level 5 of the Dungeon.
You visited 1 branch of the dungeon, and saw 5 of its levels.

You collected 237 gold pieces.

Inventory:

Hand Weapons
 a - a +2 dagger
 e - a +1 dagger of draining
 o - a +0 rapier (weapon)
Missiles
 d - 13 poisoned darts (quivered)
 f - 3 javelins
 h - 3 curare-tipped darts
 p - 2 throwing nets
Armour
 b - a +0 robe
 c - a +1 cloak
 n - a +0 leather armour (worn)
Jewellery
 j - a ring of ice
 l - a +6 ring of dexterity (left hand)
Scrolls
 g - 2 scrolls of fog
 m - a scroll of teleportation
 q - a scroll of torment {unknown}
 r - a scroll of identify


   Skills:
 + Level 3.1 Fighting
 + Level 2.8 Short Blades
 + Level 2.7 Throwing
 + Level 1.9 Armour
 + Level 2.0 Dodging
 * Level 5.0 Stealth
 + Level 2.9 Invocations


You had 5 spell levels left.
You didn't know any spells.
Your spell library contained the following spells:

 Spells                   Type           Power      Damage    Failure   Level
 Cigotuvi's Dreadful Rot  Necr/Pois/Air  0%         N/A       54%         2
 Dispel Undead            Necr           0%         3d6       99%         4
 Death Channel            Necr           0%         N/A       100%        6


Dungeon Overview and Level Annotations

Branches:
Dungeon (5/15)
 Temple: D:4-7

Altars:
Kikubaaqudgha
Uskayaw
Vehumet


Innate Abilities, Weirdness & Mutations

You have a sharp stinger which inflicts weakening toxins.


Message History

A jackal comes into view.
The centaur misses you. The centaur completely misses you.
The jackal barks!
You puncture the centaur!
The centaur is heavily wounded.
The centaur hits you.
* * * LOW HITPOINT WARNING * * *
The centaur closely misses you. The jackal bites you.
* * * LOW HITPOINT WARNING * * *
You closely miss the centaur.
The centaur is heavily wounded.
The centaur closely misses you. The centaur barely misses you.
The jackal bites you but does no damage.
The centaur hits you but does no damage.
The centaur kicks you.
* * * LOW HITPOINT WARNING * * *
You barely miss the centaur.
The centaur is heavily wounded.
The jackal closely misses you. The centaur hits you.
* * * LOW HITPOINT WARNING * * *
The centaur kicks you.
* * * LOW HITPOINT WARNING * * *
The jackal bites you but does no damage.
You aren't carrying any potions.
You hit the centaur.
You tail-slap the centaur, but do no damage.
The centaur is severely wounded.
The centaur hits you but does no damage.
The centaur kicks you.
* * * LOW HITPOINT WARNING * * *
The jackal barely misses you.
The centaur hits you but does no damage.
The centaur kicks you.
* * * LOW HITPOINT WARNING * * *
Blink to where?
Press: ? - help, Dir - move target
As you read the scroll of blinking, it crumbles to dust.
The centaur wields a +0 shortbow.
The centaur shoots an arrow.
The arrow hits you.
You die...

#....#............
#....#............
#....#............
#....#.....h......
#....#...h§ch..... ######
#'##'#.....h......
.......#####.##.##.....####.$
..............#..'.....#
.....#........#.@#.....#
.....#######.#####.....#
.....#...###.##.....####
.....#........#.....#
.....#........#.....+
.....########'#.....#
................#####
................#
................#


You could see a centaur and 4 jackals.

Vanquished Creatures
  A centaur (D:5)
  An ogre (D:5)
  A howler monkey (D:4)
  A sleepcap (D:4)
  An orc wizard (D:3)
  8 adders
  A white imp (D:5)
  A worm (D:3)
  9 orcs
  6 ball pythons
  7 endoplasms
  4 giant cockroaches
  12 goblins
  12 hobgoblins
  4 jackals (D:2)
  2 quokkas
  7 bats
  5 frilled lizards
  6 kobolds
  5 rats
  A spectral kobold (D:2)
95 creatures vanquished.

Notes
Turn   | Place    | Note
-------+----------+-------------------------------------------
     0 | D:1      | Revguard the Demonspawn Brigand began the quest for the
                  | Orb.
     0 | D:1      | Reached XP level 1. HP: 16/16 MP: 1/1
    76 | D:1      | Reached skill level 1 in Dodging
   109 | D:1      | Gained mutation: You have a small tail. [demonic ancestry]
   109 | D:1      | Reached XP level 2. HP: 8/22 MP: 2/2
   599 | D:2      | Reached skill level 1 in Invocations
   602 | D:2      | Reached XP level 3. HP: 11/27 MP: 3/3
   630 | D:2      | Reached skill level 4 in Stealth
   896 | D:2      | Found an ancient bone altar of Kikubaaqudgha.
   963 | D:2      | Reached XP level 4. HP: 14/34 MP: 4/4
  1114 | D:2      | Found a faded altar of an unknown god.
  1221 | D:2      | Reached skill level 1 in Armour
  1896 | D:3      | Gained mutation: You have a tail ending in a sharp stinger.
                  | [demonic ancestry]
  1896 | D:3      | Reached XP level 5. HP: 39/39 MP: 6/6
  2653 | D:4      | Noticed a +0 hand axe
  2655 | D:4      | Noticed a +0 dagger
  2658 | D:4      | Found a hide-covered altar of Uskayaw.
  2908 | D:4      | Found a radiant altar of Vehumet.
  3558 | D:5      | Entered Level 5 of the Dungeon
  3573 | D:5      | Noticed a centaur
  3582 | D:5      | Killed a centaur
  3583 | D:5      | Gained mutation: You have a sharp stinger which inflicts
                  | weakening toxins. [demonic ancestry]
  3583 | D:5      | Reached XP level 6. HP: 34/47 MP: 7/7
  3796 | D:5      | Reached skill level 5 in Stealth
  4028 | D:5      | HP: 2/47 [centaur (1)]
  4029 | D:5      | Shot with an arrow by a centaur

Illustrated notes

Levels and vault maps discovered:
D:1:      matt_arrival_los_fun, layout_basic
D:2:      layout_rooms, basic_altar, dreamdust_ecumenical_altar_drowned_temple
D:3:      layout_loops_ring
D:4:      layout_layer_cave, mainiacjoe_overflow_surrounded_room,
          dancing_weapons_uskayaw
D:5:      layout_gridville, gammafunk_ghost_mausoleum, minmay_ogre_servants

Skill      XL: |  1  2  3  4  5  6 |
---------------+-------------------+-----
Dodging        | 1 2 |  2.0
Invocations    | 1 2 |  2.9
Short Blades   | 2 |  2.8
Stealth        | 4 5 |  5.0
Throwing       | 2 |  2.7
Armour         | 1 |  1.9
Fighting       | 3 |  3.1

Action                     |  1- 3 |  4- 6 || total
---------------------------+-------+-------++-------
  Melee: Dagger            |    76 |       ||    76
         Tailslap          |    13 |    19 ||    32
         Rapier            |    40 |   207 ||   247
         Punch             |     3 |     1 ||     4
  Throw: Dart              |     1 |     5 ||     6
    Use: Scroll            |       |    13 ||    13
         Potion            |       |     5 ||     5
   Stab: Sleeping          |     5 |    14 ||    19
 Armour: Robe              |    65 |    95 ||   160
         Leather armour    |       |    66 ||    66
  Dodge: Dodged            |    70 |   133 ||   203

Table legend: (Time is in decaauts)
 A = Elapsed time spent in this place.
 B = Non-inter-level travel time spent in this place.
 C = Inter-level travel time spent in this place.
 D = Time resting spent in this place.
 E = Time spent auto-exploring this place.
 F = Levels seen in this place.
 G = Mean time per level.
                   A        B        C        D        E       F      G
               +--------+--------+--------+--------+--------+-----+--------+
         Total |   4026 |   3936 |     90 |    207 |   2890 |   5 |  805.2 |
       Dungeon |   4026 |   3936 |     90 |    207 |   2890 |   5 |  805.2 |
               +--------+--------+--------+--------+--------+-----+--------+

Top non-repeatable levels by time:
     D:4: 1255 daAuts
     D:3: 937 daAuts
     D:2: 794 daAuts
     D:1: 586 daAuts
     D:5: 452 daAuts
